 Dungeon Crawl Stone Soup version 0.27-a0-1136-g0b992a5a9d (webtiles) character file.

Game seed: 12101814988611983709

36 Anon1729 the Skirmisher (level 3, -6/30 HPs)
             Began as a Formicid Berserker on May 4, 2021.
             Mangled by a polar bear (24 damage)
             ... created by the rage of Trog
             ... on level 2 of the Dungeon.
             The game lasted 00:01:44 (1049 turns).

Anon1729 the Skirmisher (Formicid Berserker)        Turns: 1049, Time: 00:01:44

Health: -6/30      AC:  2    Str: 18 (22) XL:     3   Next: 57%
Magic:  3/3        EV: 11    Int:  6      God:
Gold:   64         SH:  3    Dex: 10      Spells: 2/2 levels left

rFire    . . .     SeeInvis +   a - +0 falchion
rCold    . . .     Faith    .   e - +0 buckler
rNeg     . . .     Spirit   .   b - +0 animal skin
rPois    .         Reflect  .   (helmet unavailable)
rElec    .         Harm     .   (no cloak)
rCorr    .         Rampage  .   (no gloves)
Will     .....                  (no boots)
Stlth    +.........             (no amulet)
HPRegen  0.10/turn              (no ring)
MPRegen  0.08/turn              (no ring)

@: no status effects
A: permanent stasis, dig shafts and tunnels, antennae 3, four strong arms
a: Dig, Shaft Self


You were on level 2 of the Dungeon.
You visited 1 branch of the dungeon, and saw 2 of its levels.

You collected 64 gold pieces.

Inventory:

Hand Weapons
 a - a +0 falchion (weapon)
Armour
 b - a +0 animal skin (worn)
 e - a +0 buckler (worn)
Scrolls
 c - a scroll of identify {unknown}
Potions
 d - a potion of heal wounds {unknown}


   Skills:
 + Level 3.7 Fighting
 - Level 3.2 Long Blades
 + Level 2.8 Armour
 + Level 2.2 Dodging
 + Level 0.2 Shields


You had 2 spell levels left.
You didn't know any spells.
Your spell library contained the following spells:

 Spells                   Type           Power      Damage    Failure   Level
 Animate Skeleton         Necr           0%         N/A       61%         1
 Apportation              Tloc           0%         N/A       61%         1
 Corona                   Hex            0%         N/A       61%         1
 Summon Small Mammal      Summ           0%         N/A       61%         1


Dungeon Overview and Level Annotations

Branches:
Dungeon (1/15)

Altars:


Innate Abilities, Weirdness & Mutations

You cannot be hasted, slowed, berserked, paralysed or teleported.
You can dig through walls and to a lower floor.
You have a pair of large antennae on your head. (SInv)
Your four strong arms can wield two-handed weapons with a shield.


Message History

You closely miss the adder.
The adder is lightly wounded.
The adder bites you.
You are poisoned.
The adder poisons you!
You closely miss the adder.
The adder is lightly wounded.
You feel sick. The adder bites you.
You are more poisoned.
The adder poisons you! The adder barely misses you.
You riposte.
You closely miss the adder.
The adder is lightly wounded.
You slash the adder!
The adder is severely wounded.
You feel sick. The adder barely misses you.
You hit the adder.
You kill the adder!
You feel sick.
No target in view!
No target in view!
No target in view!
No target in view!
No target in view!
You feel sick.
You feel sick.
You feel sick.
You feel sick.
You feel sick.
You are no longer poisoned.
Trog sends monsters to punish you.
The divine experience drains your vigour!
Your stasis prevents you from being slowed. 4 polar bears come into view.
There are monsters nearby!
There are monsters nearby!
Are you sure you want to shaft yourself?
You begin to dig a shaft.
You continue digging a shaft.
The polar bear bites you!!
Ouch! That really hurt!
You die...

## ..
###.#.#######
......h@h..>#
....####h####
. #h# #.# #.#
#.# #.# #.#
#.#


You could see 4 polar bears.

Vanquished Creatures
  An adder (D:2)
  2 endoplasms (D:1)
  A giant cockroach (D:1)
  2 goblins (D:1)
  2 hobgoblins (D:1)
  4 jackals (D:1)
  3 kobolds (D:1)
  A quokka (D:1)
  2 bats (D:1)
  A frilled lizard (D:1)
  7 rats (D:1)
26 creatures vanquished.

Notes
Turn   | Place    | Note
-------+----------+-------------------------------------------
     0 | D:1      | Anon1729 the Formicid Berserker began the quest for the
                  | Orb.
     0 | D:1      | Reached XP level 1. HP: 18/18 MP: 1/1
     0 | D:1      | Fell from the grace of Trog
    51 | D:1      | Reached XP level 2. HP: 24/24 MP: 2/2
   543 | D:1      | Reached XP level 3. HP: 29/29 MP: 3/3
   850 | D:1      | Found a faded altar of an unknown god.
   996 | D:1      | Noticed a black bear
   996 | D:1      | Noticed a black bear
   996 | D:1      | Noticed a polar bear
   996 | D:1      | Noticed a polar bear
   998 | D:1      | You fall into a shaft and drop 1 floor!
  1048 | D:2      | Noticed a polar bear
  1048 | D:2      | Noticed a polar bear
  1048 | D:2      | Noticed a polar bear
  1048 | D:2      | Noticed a polar bear
  1049 | D:2      | Mangled by a polar bear

Illustrated notes

Levels and vault maps discovered:
D:1:      evilmike_arrival_plus, layout_basic, basic_ecumenical_altar,
          minmay_rat_gold_closets
D:2:      cheibrodos_fertilizer, layout_basic

Skill      XL: |  1  2 |
---------------+-------+-----
Dodging        | 2 |  2.2
Fighting       | |  3.7
Long Blades    | |  3.2
Armour         | |  2.8
Shields        | |  0.2

Action                   || total
-------------------------++-------
Melee: Falchion          ||    70
Invok: Renounce Religion ||     1
 Abil: Shaft Self        ||     2
 Stab: Sleeping          ||     3
Armor: Animal skin       ||    10
Dodge: Dodged            ||    40
       Rpst.: Falchion   ||    10

Table legend: (Time is in decaauts)
 A = Elapsed time spent in this place.
 B = Non-inter-level travel time spent in this place.
 C = Inter-level travel time spent in this place.
 D = Time resting spent in this place.
 E = Time spent auto-exploring this place.
 F = Levels seen in this place.
 G = Mean time per level.
                   A        B        C        D        E       F      G
               +--------+--------+--------+--------+--------+-----+--------+
         Total |   1058 |   1058 |      0 |      0 |    859 |   2 |  529.0 |
       Dungeon |   1058 |   1058 |      0 |      0 |    859 |   2 |  529.0 |
               +--------+--------+--------+--------+--------+-----+--------+

Top non-repeatable levels by time:
     D:1: 1007 daAuts
     D:2: 51 daAuts
